 Dungeon Crawl Stone Soup version 0.31-a0-986-g5e6e4ef867 (webtiles) character file.

Game seed: 10501001179295620696

104 croobank the Sneak (level 4, -6/28 HPs)
             Began as an Octopode Fire Elementalist on Nov 14, 2023.
             Mangled by an orc
             ... wielding a +0 trident
              (7 damage)
             ... on level 3 of the Dungeon.
             The game lasted 00:06:41 (3078 turns).

croobank the Sneak (Octopode Fire Elementalist)     Turns: 3078, Time: 00:06:42

Health: -6/28      AC:  1    Str:  7    XL:     4   Next: 80%
Magic:  1/7        EV: 13    Int: 19    God:
Gold:   127        SH:  0    Dex: 12    Spells: 4/8 levels left

rFire   . . .        a - +0 short sword
rCold   . . .        (no shield)
rNeg    . . .        (helmet restricted)
rPois   .            (no amulet)
rElec   .            (no ring)
rCorr   .            (no ring)
SInv    .            (no ring)
Will    +....        (no ring)
Stlth   +++          (no ring)
HPRegen 0.24/turn    (no ring)
MPRegen 0.10/turn    (no ring)
                     (no ring)

%: no passive effects
@: mighty, enlightened, flying
A: almost no armour, amphibious, 8 rings, camouflage 1, gelatinous body 1,
(nimble swimmer 1), tentacles
a: no special abilities


You were on level 3 of the Dungeon.
You visited 1 branch of the dungeon, and saw 3 of its levels.

You collected 127 gold pieces.

Inventory:

Hand Weapons
 a - a +0 short sword (weapon)
 i - a +1 vampiric hand axe
 m - a +0 eveningstar
Missiles
 d - 3 poisoned darts (quivered)
 g - 3 darts of dispersal
Scrolls
 f - a scroll of amnesia {unknown}
 j - a scroll of fear {unknown}
 k - a scroll of identify {unknown}
 n - 2 scrolls of teleportation {unknown}
Potions
 h - a potion of brilliance {unknown}
 l - a potion of berserk rage {unknown}
 o - a potion of curing {unknown}


   Skills:
 + Level 1.2 Fighting
 + Level 2.5 Dodging
 + Level 3.5 Stealth
 + Level 2.5 Spellcasting
 + Level 2.1 Conjurations
 + Level 0.5 Summonings
 + Level 3.4 Fire Magic


You had 4 spell levels left.
You knew the following spells:

 Your Spells              Type           Power      Damage    Failure   Level
a - Foxfire               Conj/Fire      48%        2x1d6     4%          1
b - Scorch                Fire           30%        2d6       6%          2
c - Summon Small Mammal   Summ           16%        N/A       13%         1

Your spell library contained the following spells:

 Spells                   Type           Power      Damage    Failure   Level
 Ensorcelled Hibernation  Hex/Ice        4%         N/A       24%         2
 Passwall                 Tmut/Erth      1%         N/A       24%         2
 Inner Flame              Hex/Fire       8%         N/A       24%         3
 Volatile Blastmotes      Fire/Tloc      16%        2d11      24%         3
 Call Canine Familiar     Summ           4%         N/A       36%         3
 Summon Guardian Golem    Hex/Summ       3%         N/A       41%         3
 Swiftness                Air            2%         N/A       43%         3
 Flame Wave               Conj/Fire      12%        2d6       45%         4


Dungeon Overview and Level Annotations

Branches:
Dungeon (3/15)

Altars:
Ashenzari

Shops:
D:3 =


Innate Abilities, Weirdness & Mutations

You cannot wear most types of armour.
You are amphibious.
You can wear up to eight rings at the same time.
Your skin changes colour to match your surroundings (Stealth+).
Your rubbery body absorbs attacks. (AC +1, EV +1)
((You are camouflaged when in or above water. (Stealth+)))
You have tentacles for arms and can constrict up to eight enemies at once.


Message History

* * * LOW HITPOINT WARNING * * *
You feel less confused. Magic courses through your body.
The orc closely misses you. The orc hits you but does no damage.
It was a potion of enlightenment.
You feel very buoyant.
You fly up into the air.
The orc closely misses you. x2
It was a potion of might.
You feel very mighty all of a sudden. The orc hits you with a +0 short sword.
* * * LOW HITPOINT WARNING * * *
The orc barely misses you.
You barely miss the orc. You grab the orc. Your squeeze misses the orc.
You constrict the orc, but do no damage.
The orc closely misses you. The orc barely misses you.
Casting: Scorch (safe; 6% risk of failure)
Confirm with . or Enter, or press ? or * to list all spells.
Flames lash the orc priest.
The orc priest is severely wounded.
The orc priest's fire resistance burns away.
You constrict the orc, but do no damage.
The orc hits you with a +0 short sword.
* * * LOW HITPOINT WARNING * * *
The orc misses you.
Casting: Scorch (safe; 6% risk of failure)
Confirm with . or Enter, or press ? or * to list all spells.
Flames lash the orc.
The orc is almost dead.
The orc's fire resistance burns away.
You constrict the orc, but do no damage.
The orc barely misses you. The orc closely misses you.
Casting: Scorch (safe; 6% risk of failure)
Confirm with . or Enter, or press ? or * to list all spells.
Flames lash the goblin.
You kill the goblin!
You constrict the orc, but do no damage.
The orc hits you with a +0 short sword.
* * * LOW HITPOINT WARNING * * *
The orc hits you from afar with a +0 trident!
You die...

###.#########.... #######
#.##..♣........
#......#####.#..♣.♣.......
#..............♣♣.♣#####..
#......#####...♣..♣ ♣##..
......## #....♣.♣♣ ♣♣...#
#....# ##.##♣.♣ ♣.♣..#
#...o####.##♣.♣♣♣♣.♣#.#
#..o{o@.....♣..♣♣..♣...
#..)o####.###♣.♣.♣♣♣..#
#....# #.♣ ♣...♣#....
#....# #♣. ♣.⌠.♣♣♣♣.#
.....g. ♣...♣...♣♣..♣#
#........ ♣........♣♣♣
#....).... ♣♣..8_8.♣♣
#....>.... ♣♣♣♣♣♣♣♣
#..........


You could see an orc priest (combustible) and 3 orcs.

Vanquished Creatures
  3 adders
  3 worms
  A dart slug (D:1)
  An orc (D:3)
  6 ball pythons
  6 endoplasms
  3 giant cockroaches (D:1)
  6 goblins
  9 hobgoblins
  8 kobolds
  2 quokkas
  6 bats
  6 rats
60 creatures vanquished.

Vanquished Creatures (others)
  173 foxfires
173 creatures vanquished.

Grand Total: 233 creatures vanquished

Notes
Turn   | Place    | Note
-------+----------+-------------------------------------------
     0 | D:1      | croobank the Octopode Fire Elementalist began the quest for
                  | the Orb.
     0 | D:1      | Reached XP level 1. HP: 11/11 MP: 3/3
   310 | D:1      | Reached XP level 2. HP: 15/17 MP: 3/5
   922 | D:1      | Learned a level 2 spell: Scorch
   940 | D:1      | Reached XP level 3. HP: 12/22 MP: 0/6
  1420 | D:2      | Learned a level 1 spell: Summon Small Mammal
  2040 | D:2      | Reached skill level 1 in Fighting
  2045 | D:2      | Reached XP level 4. HP: 28/28 MP: 7/7
  2873 | D:3      | Found Sesecul's Jewellery Shoppe.
  2888 | D:3      | Found a broken altar of Ashenzari.
  3008 | D:3      | Found a faded altar of an unknown god.
  3078 | D:3      | HP: 1/28 [orc/+0 short sword (2)]
  3078 | D:3      | Mangled by an orc

Illustrated notes

Levels and vault maps discovered:
D:1:      minmay_arrival_loop, layout_loops_ring, nicolae_wormholes
D:2:      layout_basic, nicolae_eternal_life
D:3:      layout_rooms, nemelex_spade_bored_becter,
          ashenzari_conservatory_becter, tgw_fedhas, serial_shops,
          nicolae_shop_gaudy_bauble, shapermc_ecumenical_altar_totnotflames

Skill      XL: |  1  2  3  4 |
---------------+-------------+-----
Stealth        | 3 |  3.5
Fighting       | 1 |  1.2
Conjurations   | 2 |  2.1
Dodging        | |  2.5
Spellcasting   | |  2.5
Summonings     | |  0.5
Fire Magic     | |  3.4

Action                     |  1- 3 |  4- 6 || total
---------------------------+-------+-------++-------
  Melee: Unarmed           |     9 |       ||     9
         Constrict         |     8 |     3 ||    11
         Short sword       |    24 |    11 ||    35
         Tentacles         |     6 |     1 ||     7
   Cast: Foxfire           |    79 |    20 ||    99
         Scorch            |     3 |    13 ||    16
    Use: Potion            |       |     3 ||     3
   Stab: Sleeping          |     8 |     2 ||    10
 Armour: Skin              |    16 |    15 ||    31
  Dodge: Dodged            |    23 |    22 ||    45

Table legend: (Time is in decaauts)
 A = Elapsed time spent in this place.
 B = Non-inter-level travel time spent in this place.
 C = Inter-level travel time spent in this place.
 D = Time resting spent in this place.
 E = Time spent auto-exploring this place.
 F = Levels seen in this place.
 G = Mean time per level.
                   A        B        C        D        E       F      G
               +--------+--------+--------+--------+--------+-----+--------+
         Total |   3078 |   2995 |     83 |    551 |   1959 |   3 | 1026.0 |
       Dungeon |   3078 |   2995 |     83 |    551 |   1959 |   3 | 1026.0 |
               +--------+--------+--------+--------+--------+-----+--------+

Top non-repeatable levels by time:
     D:2: 1565 daAuts
     D:1: 1216 daAuts
     D:3: 296 daAuts
